 Dungeon Crawl Stone Soup version 0.30.1-3-gfc49f6343a (webtiles) character file.

Game seed: 3515416475140505785

1064 McKennaii the Conjurer (level 7, -2/50 HPs)
             Began as a Demigod Conjurer on Aug 2, 2023.
             Slain by a white imp (3 damage)
             ... on level 6 of the Dungeon.
             The game lasted 00:05:31 (5808 turns).

McKennaii the Conjurer (Demigod Conjurer)           Turns: 5808, Time: 00:05:31

Health: -2/50      AC:  4    Str: 14    XL:     7   Next: 78%
Magic:  0/18       EV: 12    Int: 28    God:
Gold:   270        SH:  0    Dex: 12    Spells: 4/16 levels left

rFire   . . .        p - +2 dagger (venom)
rCold   . . .        (no shield)
rNeg    . . .        a - +0 robe
rPois   .            y - +0 helmet
rElec   .            (no cloak)
rCorr   .            (no gloves)
SInv    .            n - +0 pair of boots
Will    .....        (no amulet)
Stlth   ++           u - +6 ring of strength
HPRegen 0.28/turn    (no ring)
MPRegen 0.16/turn

%: no passive effects
@: no status effects
A: high MP 1, forlorn, divine attributes
a: no special abilities


You were on level 6 of the Dungeon.
You visited 1 branch of the dungeon, and saw 6 of its levels.

You collected 270 gold pieces.

Inventory:

Hand Weapons
 p - a +2 dagger of venom (weapon)
Armour
 a - a +0 robe (worn)
 n - a +0 pair of boots (worn)
 y - a +0 helmet (worn)
Jewellery
 u - a +6 ring of strength (left hand)
Wands
 x - a wand of iceblast (8)
 D - a wand of acid (2)
Scrolls
 d - a scroll of enchant weapon {unknown}
 e - a scroll of butterflies {unknown}
 h - 10 scrolls of identify {unknown}
 j - a scroll of torment {unknown}
 k - 2 scrolls of silence {unknown}
 o - 4 scrolls of noise {unknown}
 q - a scroll of fog {unknown}
 r - a scroll of amnesia {unknown}
 s - 2 scrolls of teleportation {unknown}
 w - a scroll of poison {unknown}
 C - a scroll of blinking {unknown}
 E - a scroll of brand weapon {unknown}
Potions
 b - 2 potions of magic
 c - a potion of resistance {unknown}
 f - a potion of lignification {unknown}
 g - a potion of degeneration {unknown}
 i - 3 potions of heal wounds {unknown}
 l - 2 potions of brilliance {unknown}
 m - a potion of attraction {unknown}
 t - a potion of ambrosia {unknown}
 v - 4 potions of curing {unknown}
 z - a potion of mutation {unknown}
 A - a potion of haste {unknown}
 B - 2 potions of berserk rage {unknown}


   Skills:
 - Level 1.7 Dodging
 - Level 1.7 Stealth
 + Level 5.3 Spellcasting
 + Level 6.6 Conjurations
 + Level 3.3 Fire Magic


You had 4 spell levels left.
You knew the following spells:

 Your Spells              Type           Power      Damage    Failure   Level
a - Magic Dart            Conj           100%       1d8       1%          1
b - Searing Ray           Conj           88%        2d7       1%          2
c - Iskenderun's Mystic   Conj/Tloc      26%        2d7       17%         4
d - Fireball              Conj/Fire      17%        3d9       24%         5

Your spell library contained the following spells:

 Spells                   Type           Power      Damage    Failure   Level
 Foxfire                  Conj/Fire      100%       2x1d9     1%          1
 Dazzling Flash           Conj/Hex       52%        N/A       4%          3
 Stone Arrow              Conj/Erth      52%        3d10      4%          3
 Sandblast                Erth           14%        2d6       6%          1
 Passwall                 Tmut/Erth      5%         N/A       10%         2
 Fulminant Prism          Conj/Hex       13%        3d8       17%         4
 Starburst                Conj/Fire      17%        6d6       78%         6
 Agony                    Necr           7%         N/A       87%         5
 Silence                  Hex/Air        3%         N/A       87%         5
 Plasma Beam              Fire/Air       8%         2x1d20    99%         6


Dungeon Overview and Level Annotations

Branches:
Dungeon (6/15)             Temple (0/1) D:5

Shops:
D:3 [


Innate Abilities, Weirdness & Mutations

You have an increased reservoir of magic. (+10% MP)
You shall have no god before yourself.
Your divine heritage dramatically boosts your attributes as you level up.


Message History

Duvessa hits you with a +0 rapier. Duvessa hits you with a +0 rapier!!
Unknown command.
Unknown command.
Aiming: Corrosive Bolt
Press: ? - help, Shift-Dir - straight line, f/p - Duvessa
Aim: Duvessa, wielding a +0 rapier and wearing a +0 chain mail (heavily wounded, berserk, covered in acid, 83% to hit)
The bolt of acid hits Duvessa!
Duvessa seems to be corroded for longer.
Duvessa is almost dead.
You hear a shout!
An orc comes into view. It is wielding a +0 hand axe.
Duvessa hits you with a +0 rapier!
* * * LOW HITPOINT WARNING * * *
Unknown command.
Unknown command.
Okay, then.
Aiming: Iceblast
Press: ? - help, Shift-Dir - straight line, f/p - Duvessa
Aim: Duvessa, wielding a +0 rapier and wearing a +0 chain mail (almost dead, berserk, covered in acid)
Okay, then.
Aiming: Corrosive Bolt
Press: ? - help, Shift-Dir - straight line, f/p - Duvessa
Aim: Duvessa, wielding a +0 rapier and wearing a +0 chain mail (almost dead, berserk, covered in acid, 83% to hit)
The bolt of acid misses Duvessa.
The bolt of acid hits the orc!
You kill the orc!
Duvessa hits you with a +0 rapier!
* * * LOW HITPOINT WARNING * * *
The white imp gestures at you. The puff of frost misses you.
Duvessa hits you with a +0 rapier.
* * * LOW HITPOINT WARNING * * *
The jelly barely misses you.
Unknown command.
Aiming: Corrosive Bolt
Press: ? - help, Shift-Dir - straight line, f/p - Duvessa
Aim: Duvessa, wielding a +0 rapier and wearing a +0 chain mail (almost dead, berserk, covered in acid, 83% to hit)
The bolt of acid hits Duvessa.
Duvessa seems to be corroded for longer.
You kill Duvessa!
The white imp hits you.
You die...

.................................
....#................#......P...#
.....................#.........#
........#...............P......#
........##.....................##
........##..#...........[...O##..
.....##.....##..............oo...
##.####....##.....##o.##....o.##.
............#...@))..####...#...#
......####......J5..####..#.##..#
...... #.......#........#..##.#
..... #........#.##..)###......
.... ..........###...# ##....#
##. .....###### ##### ######
#.... ...


You could see a jelly, a white imp and an orc.

Vanquished Creatures
  Duvessa (D:6)
  A water moccasin (D:5)
  A black bear (D:5)
  A centaur (D:6)
  An ogre (D:6)
  2 scorpions (D:4)
  Dowan (D:6)
  A howler monkey (D:5)
  A hound (D:5)
  2 jellies (D:6)
  2 orc priests (D:5)
  An orc wizard (D:5)
  An iguana (D:4)
  Terence (D:3)
  A sleepcap (D:6)
  2 gnolls (D:4)
  7 adders
  2 worms
  2 dart slugs
  24 orcs
  8 ball pythons
  12 endoplasms
  4 giant cockroaches
  17 goblins
  13 hobgoblins
  5 jackals
  15 kobolds
  4 quokkas
  9 bats
  5 frilled lizards
  6 rats
153 creatures vanquished.

Notes
Turn   | Place    | Note
-------+----------+-------------------------------------------
     0 | D:1      | McKennaii the Demigod Conjurer began the quest for the Orb.
     0 | D:1      | Reached XP level 1. HP: 14/14 MP: 5/5
   457 | D:1      | Reached XP level 2. HP: 20/20 MP: 3/7
   460 | D:1      | Learned a level 2 spell: Searing Ray
   596 | D:1      | Reached skill level 4 in Conjurations
   935 | D:1      | Reached XP level 3. HP: 15/26 MP: 1/9
  1982 | D:2      | Reached XP level 4. HP: 31/33 MP: 8/11
  2179 | D:2      | Learned a level 4 spell: Iskenderun's Mystic Blast
  2254 | D:3      | Found Ocwel's Armour Shop.
  2336 | D:3      | Noticed Terence
  2343 | D:3      | Killed Terence
  3028 | D:4      | Reached XP level 5. HP: 38/38 MP: 7/13
  3368 | D:4      | Reached skill level 5 in Conjurations
  4184 | D:4      | Reached XP level 6. HP: 45/45 MP: 11/15
  4363 | D:5      | Entered Level 5 of the Dungeon
  4370 | D:5      | Learned a level 5 spell: Fireball
  4401 | D:4      | Reached skill level 1 in Fire Magic
  4679 | D:5      | Noticed a water moccasin
  4680 | D:5      | Reached skill level 6 in Conjurations
  4680 | D:5      | Reached XP level 7. HP: 37/50 MP: 9/17
  5130 | D:5      | Found a staircase to the Ecumenical Temple.
  5251 | D:6      | Noticed Duvessa
  5251 | D:6      | Noticed Dowan
  5256 | D:6      | Killed Dowan
  5259 | D:6      | Reached skill level 5 in Spellcasting
  5259 | D:6      | HP: 2/50 [Duvessa/+0 rapier (6)]
  5807 | D:6      | HP: 2/50 [Duvessa/+0 rapier (8)]
  5808 | D:6      | Killed Duvessa
  5808 | D:6      | Slain by a white imp

Illustrated notes

Levels and vault maps discovered:
D:1:      dpeg_arrival_shelter, layout_basic, serial_bayou_pond_b
D:2:      layout_rooms, minmay_divided_ellipse
D:3:      layout_rooms, serial_shops, shop, uniq_terence
D:4:      corexii_shantytown, layout_gridville, nicolae_overflow_two_pavilions
D:5:      layout_cave_pools, lemuel_temple_firewalk_b
D:6:      layout_cave_pools, nicolae_ru_sacrificial_ziggurat, serial_park,
          serial_park_avenue1, serial_park_square3
          [serial_park_minivault_5x5_2], serial_park_gazebo
          [serial_park_minivault_5x5_6], hangedman_abyss_or_decor_passed,
          kennysheep_big_empty_room, uniq_duvessa

Skill      XL: |  1  2  3  4  5  6  7 |
---------------+----------------------+-----
Spellcasting   | 2 3 4 5 |  5.3
Conjurations   | 4 5 6 |  6.6
Fire Magic     | 2 3 |  3.3
Dodging        | |  1.7
Stealth        | |  1.7

Action                     |  1- 3 |  4- 6 |  7- 9 || total
---------------------------+-------+-------+-------++-------
  Melee: Unarmed           |     5 |       |       ||     5
         Dagger            |       |     2 |       ||     2
   Cast: Magic Dart        |    96 |   135 |    23 ||   254
         Searing Ray       |     3 |    18 |     7 ||    28
         Iskenderun's Myst |       |       |     8 ||     8
  Evoke: Wand              |       |       |     8 ||     8
 Armour: Robe              |     8 |     6 |     3 ||    17
  Dodge: Dodged            |    38 |    16 |    15 ||    69
